Map: Taito Citadel LE

Players

ShoWTimE - Winner!

  • Race: Protoss Protoss
  • League: Master
  • Spawn Location: 11:00

trigger

  • Race: Protoss Protoss
  • League: Grandmaster
  • Spawn Location: 5:00

VOD

Have the link to the VOD?

Description

Time

  • Played on: Jan. 31, 2026, 2 p.m.
  • Length: 5:12
Show
View Real Time Build Order
Export as new Build Order

ShoWTimE Protoss - Winner!

Build Orders:  

Get SALT Encoding   

  12  0:00  Probe  
  13  0:12  Probe  
  14  0:16  Pylon  
  14  0:23  Probe  
  15  0:31  Probe  
  16  0:35  Gateway  
  16  0:39  Probe  
  16  0:45  Assimilator  
  17  0:50  Probe  
  17  0:53  Assimilator  
  18  0:59  Probe  
  19  1:07  Gateway, Probe  
  19  1:17  Probe  
  20  1:22  Cybernetics Core  
  21  1:29  Probe  
  22  1:35  Pylon  
  22  1:41  Probe  
  23  1:58  Adept x2  
  23  1:59  Robotics Facility  
  27  2:02  Warp Gate  
  27  2:09  Pylon  
  27  2:28  Adept x2  
  31  2:36  Gateway, Warp Prism  
  33  2:56  Pylon  
  33  2:58  Sentry  
  33  3:04  Immortal  
  39  3:25  Sentry  
  41  3:28  Pylon  
  39  3:42  Immortal  
  43  3:52  Sentry  
  43  3:53  Adept  
  47  3:57  Stalker  
  49  4:03  Pylon  
  49  4:13  Immortal  
  51  4:26  Stalker  
  53  4:35  Adept x2  
  53  5:00  Adept x3  
Show
View Real Time Build Order
Export as new Build Order

trigger Protoss 

Build Orders: 1 Gate Expand 

Get SALT Encoding   

  12  0:00  Probe  
  13  0:12  Probe  
  14  0:17  Pylon  
  14  0:24  Probe  
  15  0:32  Probe  
  15  0:37  Gateway  
  15  0:40  Probe  
  16  0:45  Assimilator  
  17  0:50  Probe  
  18  1:03  Probe  
  19  1:17  Nexus  
  19  1:20  Probe  
  20  1:30  Cybernetics Core  
  20  1:35  Probe, Assimilator  
  21  1:43  Probe  
  22  1:52  Probe  
  22  1:54  Pylon  
  22  2:01  Warp Gate  
  23  2:07  Gateway  
  23  2:12  Sentry, Probe  
  26  2:24  Probe  
  26  2:25  Probe  
  28  2:31  Shield Battery  
  28  2:33  Probe  
  28  2:34  Sentry  
  28  2:36  Probe  
  32  2:48  Probe  
  32  2:51  Stalker  
  32  2:54  Stalker  
  32  2:57  Shield Battery  
  36  3:02  Probe x2  
  38  3:16  Robotics Facility  
  38  3:18  Shield Battery  
  38  3:23  Sentry  
  38  3:24  Probe x2  
  42  3:36  Probe  
  41  3:45  Probe  
  41  3:53  Pylon  
  41  3:54  Shield Battery  
  41  3:55  Sentry  
  41  3:57  Probe  
  41  4:01  Shield Battery  
  44  4:08  Stalker  
  46  4:13  Probe  
  45  4:20  Zealot  
  47  4:26  Immortal  
  47  4:32  Shield Battery  
  45  4:38  Pylon  
  45  4:45  Pylon  
  45  4:46  Adept  
  45  4:58  Adept  
Tags
 
Add a new tag
Caveats
  • Supply blocks, unpowered buildings, or Contaminate may cause inaccurate times.
  • Supply counts are checked every 10 seconds.